 Dungeon Crawl Stone Soup version 0.30.1-9-gdf580d7c3d (webtiles) character file.

Game seed: 9694388402872455691

354 danielguo94 the Cudgeller (level 6, -1/38 HPs)
             Began as a Gargoyle Fighter on Oct 10, 2023.
             Killed from afar by an orc wizard (11 damage)
             ... with a magic dart
             ... in the Ecumenical Temple.
             The game lasted 00:03:34 (2776 turns).

danielguo94 the Cudgeller (Gargoyle Fighter)        Turns: 2776, Time: 00:03:36

Health: -1/38      AC: 13    Str: 21    XL:     6   Next: 63%
Magic:  6/6        EV: 10    Int:  9    God:
Gold:   189        SH:  0    Dex:  9    Spells: 5/5 levels left

rFire   . . .        a - +0 flail
rCold   + . .        c - +0 buckler
rNeg    + . .        f - +3 ring mail {rC+}
rPois   ∞            (no helmet)
rElec   +            (no cloak)
rCorr   .            (no gloves)
SInv    .            (no boots)
Will    .....        (no amulet) Stlth
                     (no ring)
HPRegen 0.26/turn    (no ring)
MPRegen 0.10/turn

%: no passive effects
@: confused
A: sickness immunity, AC +4, negative energy resistance 1, electricity
resistance, torment resistance 1, petrification resistance
a: no special abilities


You were in the Ecumenical Temple.
You visited 2 branches of the dungeon, and saw 5 of its levels.

You collected 189 gold pieces.

Inventory:

Hand Weapons
 a - a +0 flail (weapon)
Missiles
 h - 12 poisoned darts (quivered)
 s - 3 boomerangs
 v - 6 curare-tipped darts
Armour
 c - a +0 buckler (worn)
 f - a +3 ring mail of cold resistance (worn)
Scrolls
 e - 2 scrolls of identify
 g - 2 scrolls of fear
 n - a scroll of poison {unknown}
 p - a scroll of magic mapping {unknown}
 q - a scroll of vulnerability {unknown}
 r - a scroll of teleportation {unknown}
 t - a scroll of acquirement {unknown}
Potions
 b - 2 potions of invisibility
 d - 2 potions of might
 i - a potion of heal wounds {unknown}
 j - a potion of cancellation {unknown}
 k - a potion of lignification {unknown}
 l - a potion of degeneration {unknown}
 m - a potion of haste {unknown}
 o - a potion of ambrosia {unknown}
 u - a potion of mutation {unknown}
 w - a potion of magic {unknown}


   Skills:
 + Level 4.0 Fighting
 * Level 5.3 Maces & Flails
 + Level 4.1 Armour
 + Level 1.2 Dodging
 + Level 4.0 Shields


You had 5 spell levels left.
You didn't know any spells.
Your spell library contained the following spells:

 Spells                   Type           Power      Damage    Failure   Level
 Necrotise                Necr           0%         1d4       63%         1
 Vampiric Draining        Necr           0%         2d6       94%         3
 Agony                    Necr           0%         N/A       100%        5


Dungeon Overview and Level Annotations

Branches:
Dungeon (4/15)             Temple (1/1) D:4

Altars:
Dithmenos
Gozag
Hepliaklqana
Makhleb
Qazlal
Ru
Trog
Vehumet
Wu Jian
Xom

Annotations:
Temple 2 transporters


Innate Abilities, Weirdness & Mutations

You are immune to sickness and miasma.
Your stone body is resilient. (AC +4)
You are immune to poison.
You resist negative energy. (rN+)
You are resistant to electric shocks. (rElec)
You are resistant to unholy torment.
You are immune to petrification.


Message History

The orc hits you but does no damage.
You miss something. Something hits you but does no damage.
The orc hits you but does no damage. Something hits you but does no damage.
The orc barely misses you.
You miss something.
You feel less confused. Something hits you but does no damage.
The orc hits you with a +0 short sword.
You barely miss something. Something hits you. The orc closely misses you.
You hit something. Something hits you but does no damage.
You block the orc's attack.
You hit something but do no damage. Something hits you.
The orc hits you but does no damage.
You barely miss something.
You hear some strange, mumbled words.
A magic dart appears from out of thin air!
The magic dart hits you! The orc misses you. Something hits you.
The orc hits you but does no damage.
You miss something. Something hits you. You block the orc's attack.
You hit something. Something hits you but does no damage.
You block the orc's attack.
You miss something. Something hits you but does no damage.
The orc hits you but does no damage.
You miss something.
You hear some strange, mumbled words.
You are confused.
The orc barely misses you. Something hits you but does no damage.
The orc hits you but does no damage.
You barely miss something. Something hits you.
* * * LOW HITPOINT WARNING * * *
The orc barely misses you.
Okay, then.
Unknown command.
You closely miss something.
You hear some strange, mumbled words.
Something tries to affect you, but you resist.
The orc hits you but does no damage.
You hear some strange, mumbled words.
A magic dart appears from out of thin air!
The magic dart hits you!
You die...

##### ###.o.###
#_#@{.#.#
#..#...#..#
#...#...#...#
#_....#...#...._
....._#...#.....
......#...#.....
.._...#...#.._..
.....©#©.©#©....


You could see an orc.

Vanquished Creatures
  A scorpion (D:2)
  A hound (D:3)
  2 orc priests
  An orc wizard (D:4)
  A gnoll (D:4)
  8 adders
  2 worms (D:3)
  9 orcs
  14 endoplasms
  A giant cockroach (D:4)
  8 goblins
  3 hobgoblins
  6 jackals (D:1)
  8 kobolds
  3 quokkas
  9 ball pythons
  3 bats
  3 frilled lizards
  3 rats
86 creatures vanquished.

Notes
Turn   | Place    | Note
-------+----------+-------------------------------------------
     0 | D:1      | danielguo94 the Gargoyle Fighter began the quest for the
                  | Orb.
     0 | D:1      | Reached XP level 1. HP: 14/14 MP: 1/1
    77 | D:1      | Reached XP level 2. HP: 19/19 MP: 2/2
   392 | D:1      | Reached XP level 3. HP: 19/23 MP: 3/3
  1277 | D:2      | Found a faded altar of an unknown god.
  1338 | D:2      | Reached skill level 3 in Maces & Flails
  1703 | D:2      | Reached XP level 4. HP: 27/28 MP: 4/4
  1909 | D:3      | Noticed a scorpion
  1930 | D:2      | Killed a scorpion
  1931 | D:2      | Reached skill level 4 in Maces & Flails
  1931 | D:2      | Reached XP level 5. HP: 33/33 MP: 5/5
  2186 | D:3      | Found a hazy altar of Hepliaklqana.
  2191 | D:3      | Found a shadowy altar of Dithmenos.
  2192 | D:3      | Noticed a shadow
  2199 | D:3      | Found a radiant altar of Vehumet.
  2211 | D:3      | Reached skill level 1 in Dodging
  2211 | D:3      | Reached XP level 6. HP: 35/38 MP: 6/6
  2248 | D:3      | Found an opulent altar of Gozag.
  2530 | D:3      | Reached skill level 5 in Maces & Flails
  2740 | D:4      | Found a staircase to the Ecumenical Temple.
  2749 | Temple   | Entered the Ecumenical Temple
  2749 | Temple   | Found a transporter.
  2749 | Temple   | Found a transporter.
  2776 | Temple   | Killed from afar by an orc wizard

Illustrated notes

Levels and vault maps discovered:
D:1:      heliophobic_arrival_henge, layout_basic
D:2:      layout_loops_ring, shapermc_ecumenical_altar_pompeii,
          kennysheep_nondescript
D:3:      layout_rooms, mainiacjoe_overflow_concentric_impassable,
          grunt_gozag_statues, riverfiend_overflow_shadow_ancestor
D:4:      layout_loops_ring, fedhas_altar_4,
          minmay_temple_entry_statues_fountains,
          hangedman_abyss_or_decor_passed, hangedman_abyss_or_decor_lesser_grid,
          minmay_bent
Temple:   hellmonk_temple_divided_pantheon

Skill      XL: |  1  2  3  4  5  6 |
---------------+-------------------+-----
Maces & Flails | 3 4 5 |  5.3
Armour         | 4 |  4.1
Dodging        | 1 |  1.2
Shields        | 4 |  4.0
Fighting       | 4 |  4.0

Action                     |  1- 3 |  4- 6 || total
---------------------------+-------+-------++-------
  Melee: Flail             |   131 |   210 ||   341
    Use: Scroll            |       |     3 ||     3
 Armour: Scale mail        |    59 |       ||    59
         Ring mail         |    32 |   147 ||   179
  Dodge: Dodged            |    94 |   127 ||   221
  Block: Buckler           |    42 |    73 ||   115
